[Event "*** Titled Tuesday Blitz"]
[Site "Chess.com"]
[Date "2020.11.24"]
[Round "4"]
[White "Rodalquilar"]
[Black "Supernotar"]
[Result "1/2-1/2"]
[WhiteElo "2664"]
[BlackElo "2859"]
[TimeControl "180+1"]
[EndTime "10:55:41 PST"]
[Termination "Game drawn by repetition"]

1. d4 d5 2. Bf4 Nf6 3. e3 e6 4.
Nf3 c5 5. c3 Bd6 6. Bd3 Qc7 7.
dxc5 Qxc5 8. O-O O-O 9. Nbd2 Nbd7 10. Bxd6 Qxd6 11. e4 b6 12. Re1 dxe4 13. Nxe4 Qe7 14. Bc2 Bb7 15. Nfg5 h6 16. Qd6 Qxd6 17. Nxd6 Bc6 18.
Nge4 Nxe4 19. Bxe4 Bxe4 20. Rxe4 Nf6 21. Rd4 Rfd8 22. Rad1 Kf8 23. f3 Ke7 24. c4 Rd7 25.
Kf2 Rad8 26. Nb5 a6 27. Rxd7+ Rxd7 28. Nd4 Rc7 29. b3 b5 30. cxb5 axb5 31. Nxb5 Rc2+ 32.
Ke1 Rxa2 33. Rd2 Ra1+ 34. Kf2 Rb1 35. Nd4 Nd5 36. Ra2 Kf6 37. h4 g5 38. hxg5+ hxg5 39.
g4 Ke5 40. Rd2 Nf4 41. Nc6+ Kf6 42. Nd4 e5 43. Nf5 Rxb3 44. Rd6+ Ne6 45. Ra6 Rb2+ 46. Ke3 Rb3+ 47. Kf2 Kg6 48. Ra5 Kf6 49. Ra6 1/2-1/2

[Event "*** Titled Tuesday Blitz"]
[Site "Chess.com"]
[Date "2020.11.24"]
[Round "4"]
[White "Love_craft"]
[Black "Bastiandash"]
[Result "1/2-1/2"]
[WhiteElo "2592"]
[BlackElo "2421"]
[TimeControl "180+1"]
[EndTime "10:55:41 PST"]
[Termination "Game drawn by repetition"]

1. Nf3 d5 2. g3 c6 3. Bg2 Nf6 4. O-O Bg4 5. h3 Bh5 6. b3 Nbd7 7. Bb2 e6 8. d3 Be7 9. Nbd2 O-O 10. e4 a5 11. a4 Qb8 12. Qe2 b6 13. e5 Ne8 14.
g4 Bg6 15. h4 h5 16. gxh5 Bxh5 17. Qe3 Nc7 18. Ng5 f6 19. exf6 Bxf6 20. Bxf6 Rxf6 21. f4 Qe8 22. Rae1 Bg4 23. Bh3 Qh5 24. Qg3 Bxh3 25. Qxh3 Raf8 26. Qg3 Rh6 27. Ndf3 Rhf6 28. f5 Rxf5 29. Qxc7 Rf4 30. Qxd7 Qg4+ 31. Kh2 Rxf3 32. Rxf3 Qxh4+ 33. Kg2 Qxg5+ 34. Rg3 Qd2+ 35. Kh3 Qh6+ 36. Kg2 Qd2+ 37. Kh3 Qh6+ 38. Kg2 Qd2+ 1/2-1/2

[Event "*** Titled Tuesday Blitz"]
[Site "Chess.com"]
[Date "2020.11.24"]
[Round "4"]
[White "margarita_2703"]
[Black "RaneshRatnesan"]
[Result "1-0"]
[WhiteElo "2408"]
[BlackElo "2129"]
[TimeControl "180+1"]
[EndTime "10:55:41 PST"]
[Termination "margarita_2703 won by checkmate"]

1. Nf3 Nf6 2. d4 d5 3. c4 c6 4.
e3 Bf5 5. Qb3 Qb6 6. Nc3 e6 7.
c5 Qc7 8. Be2 Nbd7 9. O-O Rb8 10.
Qa4 a6 11. b4 e5 12. Qb3 e4 13.
Nd2 Ng4 14. Bxg4 Bxg4 15. h3 Be6 16. a4 Nf6 17. b5 Qc8 18. Rb1 Bxh3 19. bxa6 b5 20.
axb5 Bxg2 21. a7 Ra8 22. bxc6 Bxf1 23. Qb8 Bxc5 24. Qe5+ Be7 25. Rb8 O-O 26. Rxc8 Rfxc8 27. Qxe7 Bd3 28. c7 Rxa7 29. Qd8+ Ne8 30. Qxc8 Kf8 31.
Qb8 Rxc7 32. Nxd5 Rxc1+ 33. Kg2 f6 34. Qb4+ Kf7 35. Kg3 Kg6 36. Nf4+ Kh6 37. Nxd3 exd3 38. Qb2 Rg1+ 39. Kh2 Rg5 40. Qb3 Nd6 41. Qxd3 Rh5+ 42. Kg2 Rg5+ 43. Kf1 Nf5 44. Nf3 Rg4 45. Ke2 Nh4 46. d5 Nxf3 47. Kxf3 f5 48. d6 Rg6 49. d7 f4 50. d8=Q fxe3 51. Qh4# 1-0

[Event "*** Titled Tuesday Blitz"]
[Site "Chess.com"]
[Date "2020.11.24"]
[Round "4"]
[White "lefonghua"]
[Black "Mikasinski"]
[Result "1-0"]
[WhiteElo "2506"]
[BlackElo "2323"]
[TimeControl "180+1"]
[EndTime "10:55:42 PST"]
[Termination "lefonghua won by resignation"]

1. d4 Nf6 2. c4 g6 3. Nc3 Bg7 4.
e4 d6 5. f4 O-O 6. Nf3 Bg4 7.
Be2 Nfd7 8. O-O e5 9. fxe5 Bxf3 10. Bxf3 Nc6 11. Be3 dxe5 12. d5 Nd4 13. Ne2 Nxf3+ 14.
Rxf3 f5 15. Nc3 fxe4 16. Nxe4 Qh4 17. Rxf8+ Rxf8 18. Qd3 b6 19. Bg5 Qg4 20. h3 Qf5 21. Rf1 Qxf1+ 22. Qxf1 Rxf1+ 23. Kxf1 Bf8 24. Bd8 Bd6 25.
Nxd6 cxd6 26. Bc7 Kf7 27. Bxd6 Kf6 28. Ke2 Kf5 29. Ke3 h5 30. b4 a6 31. a4 b5 32. cxb5 axb5 33. a5 Nf6 34. a6 Nxd5+ 35. Kd3 Ke6 36. a7 Nb6 37. Bc5 Na8 38. Ke4 Nc7 39.
Bb6 Na8 40. Ba5 Kd6 41. h4 Ke6 42. Kf3 Kd6 43. g4 Ke6 44. gxh5 gxh5 45. Ke4 Kd6 46. Bd8 Ke6 47. Bg5 Nc7 48. Be3 Na8 49. Bc1 Nc7 50. Bb2 Na8 51. Bxe5 Nb6 52. Bd4 Na8 53. Bc5 Nc7 54. Kf4 Na8 55. Kg5 Kd5 56. Kxh5 Kc4 57. Kg6 Nc7 58. h5 1-0

[Event "*** Titled Tuesday Blitz"]
[Site "Chess.com"]
[Date "2020.11.24"]
[Round "4"]
[White "Snegokhod"]
[Black "Nachsueb"]
[Result "1-0"]
[WhiteElo "2426"]
[BlackElo "2174"]
[TimeControl "180+1"]
[EndTime "10:55:42 PST"]
[Termination "Snegokhod won on time"]

1. d4 Nf6 2. c4 c5 3. Nf3 e6 4.
d5 exd5 5. cxd5 d6 6. Nc3 g6 7. e4 Bg7 8. Bd3 O-O 9. O-O Re8 10. h3 c4 11. Bc2 b5 12. Nxb5 Nxe4 13. Re1 Qb6 14. Bxe4 Qxb5 15. Bf4 Rd8 16. Rc1 Ba6 17.
b3 c3 18. Nd4 Qb6 19. Be3 Qb4 20. h4 Nd7 21. h5 Nc5 22. Bb1 Re8 23. Nc6 Qh4 24.
h6 Bxh6 25. Bxh6 Qxh6 26. Rxc3 Qg7 27. Rce3 Kf8 28. Rxe8+ Rxe8 29. Rxe8+ Kxe8 30. Qe1+ Kf8 31. Qe7+ Kg8 32. Qxd6 Qc3 33. Qb8+ Kg7 34. Qe5+ Qxe5 35. Nxe5 Kf6 36. f4 Ke7 37. Nc4 1-0

[Event "*** Titled Tuesday Blitz"]
[Site "Chess.com"]
[Date "2020.11.24"]
[Round "4"]
[White "EvgenyRomanov"]
[Black "mbachez"]
[Result "0-1"]
[WhiteElo "2577"]
[BlackElo "2424"]
[TimeControl "180+1"]
[EndTime "10:55:43 PST"]
[Termination "mbachez won by resignation"]

1. b3 d5 2. Bb2 Bg4 3. h3 Bh5 4.
d3 Nd7 5. g4 Bg6 6. Nf3 Ngf6 7.
Nbd2 e6 8. e3 Bd6 9. g5 Nh5 10.
Be2 O-O 11. Rg1 f5 12. Nd4 Qe8 13. Nxe6 Qxe6 14. Bxh5 Be5 15. Bxe5 Bxh5 16. Qxh5 Qxe5 17. d4 Qe7 18. Qf3 c6 19. Qf4 a5 20. a3 a4 21. b4 Rae8 22. c4 Qf7 23. c5 Nb8 24. f3 Na6 25. Nb1 Nc7 26. Nc3 Ne6 27. Qh4 f4 28.
O-O-O fxe3 29. Rgf1 Nf4 30. Rfe1 Ng2 31. Qg4 Nxe1 32.
Rxe1 Qxf3 33. Ne2 Qxg4 34. hxg4 Re4 35. Rg1 Rf2 36. Kd1 Rxe2 37. Kxe2 Rxd4 38. Kxe3 Rc4 39.
g6 hxg6 40. g5 Rc3+ 41. Kd4 Rxa3 42. Ke5 Re3+ 43. Kd6 Re4 44. Rb1 a3 45. Kc7 a2 46.
Ra1 Rxb4 47. Rxa2 d4 48. Kd6 d3 49. Ke7 Re4+ 50. Kd6 Rd4+ 51. Ke5 d2 0-1

[Event "*** Titled Tuesday Blitz"]
[Site "Chess.com"]
[Date "2020.11.24"]
[Round "4"]
[White "geordie_derraugh"]
[Black "tan275"]
[Result "1-0"]
[WhiteElo "2462"]
[BlackElo "2199"]
[TimeControl "180+1"]
[EndTime "10:55:43 PST"]
[Termination "geordie_derraugh won by resignation"]

1. e4 c6 2. c4 d5 3. exd5 cxd5 4. cxd5 Nf6 5. Nf3 g6 6. Nc3 Bg7 7. Bc4 O-O 8. d3 Nbd7 9. a4 Nb6 10. Qb3 e6 11. dxe6 Nxc4 12. exf7+ Rxf7 13. Qxc4 Qe8+ 14. Be3 Be6 15. Qh4 Ng4 16. O-O Nxe3 17. fxe3 Bf6 18.
Qb4 Qd7 19. Rad1 Raf8 20. Ne4 Be7 21. Qc3 Bd5 22. Qd4 b6 23. Nc3 Bc6 24. Qxd7 Bxd7 25. Ne5 Rxf1+ 26. Rxf1 Bf5 27. g4 Be6 28. Rxf8+ Kxf8 29. Nc6 Bc5 30. d4 Bb4 31. Nxa7 Bd7 32. h3 Bxc3 33. bxc3 Bxa4 34. Nc8 b5 35. e4 Kf7 36. Kf2 Ke6 37. Ke3 Bb3 38. Na7 Bc4 39. Nc6 h5 40. gxh5 gxh5 41. h4 Kd6 42. Ne5 Bf1 43. Ng6 Bh3 44. Nf4 Bg4 45. e5+ Ke7 46. d5 Kd7 47.
Kd4 Kc7 48. Kc5 Kd7 49. Kxb5 1-0

[Event "*** Titled Tuesday Blitz"]
[Site "Chess.com"]
[Date "2020.11.24"]
[Round "4"]
[White "PowerThinking2650"]
[Black "Ranindu2003"]
[Result "1-0"]
[WhiteElo "2361"]
[BlackElo "2543"]
[TimeControl "180+1"]
[EndTime "10:55:43 PST"]
[Termination "PowerThinking2650 won by resignation"]

1. e4 c5 2. Nf3 Nc6 3. d4 cxd4 4. Nxd4 e5 5. Nb5 d6 6. N1c3 a6 7. Na3 Be7 8. Nc4 Nf6 9. Bg5 Nd4 10. Bxf6 Bxf6 11. Nd5 b5 12. Ncb6 Rb8 13. Nxc8 Rxc8 14. c3 Ne6 15. a4 Rb8 16. axb5 axb5 17. Bd3 O-O 18. O-O Bg5 19. g3 Nc5 20. Bc2 Kh8 21. b4 Ne6 22. Ra6 Qd7 23. Qd3 g6 24. f4 exf4 25.
gxf4 Bh6 26. f5 Ng7 27. Qh3 Bg5 28. Qg3 Bd8 29. Rxd6 Qa7+ 30. Kg2 Rc8 31. fxg6 Qa2 32. Rf2 Bc7 33. Nxc7 Rxc7 34. gxf7 Rcxf7 35. Rdd2 Qe6 36. Rxf7 Rxf7 37. Rd8+ Ne8 38. Bb3 Qxe4+ 39. Kh3 Qf5+ 40. Qg4 Qe5 41. Bxf7 1-0

[Event "*** Titled Tuesday Blitz"]
[Site "Chess.com"]
[Date "2020.11.24"]
[Round "4"]
[White "SameerMujumdar"]
[Black "googlegoom"]
[Result "1/2-1/2"]
[WhiteElo "2301"]
[BlackElo "2466"]
[TimeControl "180+1"]
[EndTime "10:55:43 PST"]
[Termination "Game drawn by repetition"]

1. d4 d5 2. c4 c6 3. Nc3 Nf6 4. e3 e6 5. Nf3 Nbd7 6. Bd3 Bd6 7. O-O O-O 8. e4 dxc4 9. Bxc4 e5 10. Bg5 Qe7 11. d5 Rd8 12. Qe2 h6 13. Bh4 Nf8 14. dxc6 bxc6 15. Rad1 Ng6 16. Bg3 Nh5 17. Rd2 Nhf4 18. Bxf4 Nxf4 19. Qe3 Bg4 20. Rfd1 Kh7 21.
Ne2 Bc5 22. Rxd8 Rxd8 23. Qb3 Rxd1+ 24. Qxd1 Bxf3 25. gxf3 Qg5+ 26. Ng3 h5 27. Qd7 h4 28.
Qf5+ Kh6 29. Qxg5+ Kxg5 30. Nf5 g6 31. Ne3 Bxe3 32. fxe3 Ne6 33. Bxe6 fxe6 34. Kf1 Kh5 35. Ke2 g5 36. h3 Kg6 37. Kd3 Kf7 38. Kc4 Ke7 39.
Kc5 Kd7 40. b4 Kc7 41. a4 Kd7 42. a5 Kc7 43. Kc4 Kd6 44. Kc3 Kd7 45. Kc4 Kc8 46. Kc5 Kc7 47. Kc4 Kd6 48. Kc3 Kc7 49. Kd2 Kd7 50. Ke2 Ke7 51. Kd3 Kd7 52. Kc4 Kc8 53.
Kc5 Kc7 1/2-1/2

[Event "*** Titled Tuesday Blitz"]
[Site "Chess.com"]
[Date "2020.11.24"]
[Round "4"]
[White "Tactictic"]
[Black "hawes33"]
[Result "0-1"]
[WhiteElo "2418"]
[BlackElo "2231"]
[TimeControl "180+1"]
[EndTime "10:55:43 PST"]
[Termination "hawes33 won by checkmate"]

1. e4 c5 2. Nf3 e6 3. d4 cxd4 4. Nxd4 a6 5. Bd3 b5 6. O-O Bb7 7. a4 bxa4 8. Rxa4 Nf6 9. Nd2 Be7 10. Re1 d6 11. Nc4 Nbd7 12. Na5 Qc8 13. Nxb7 Qxb7 14.
b4 O-O 15. c3 Rfc8 16. Bd2 Ne5 17. Bc2 Nc4 18. Bc1 Nb6 19. Ra3 Nc4 20. Ra1 Ne5 21.
f4 Ned7 22. Bd2 Nb6 23. Qf3 Nc4 24. Bc1 a5 25. bxa5 Rxa5 26. Rb1 Qa7 27. Kh1 h5 28. e5 dxe5 29. fxe5 Ng4 30. h3 Ncxe5 31. Qf4 Rxc3 32.
hxg4 Nxg4 33. Rb8+ Bf8 34. Qd6 Rxc2 35. Rxf8+ Kh7 36.
Nxc2 Qf2 37. Bf4 Qxc2 38. Qd4 Rf5 39. Qe4 Nf2+ 40. Kg1 Nxe4 41. Be3 Qd3 42. Rc8 Ng3 43. Bf2 h4 44. Bxg3 hxg3 45. Rcc1 Qd4+ 46. Kh1 Rh5# 0-1

[Event "*** Titled Tuesday Blitz"]
[Site "Chess.com"]
[Date "2020.11.24"]
[Round "4"]
[White "isainz"]
[Black "svilson23"]
[Result "1-0"]
[WhiteElo "2048"]
[BlackElo "2245"]
[TimeControl "180+1"]
[EndTime "10:55:43 PST"]
[Termination "isainz won on time"]

1. e4 c5 2. Nf3 Nc6 3. d4 cxd4 4. Nxd4 e5 5. Nb5 d6 6. c4 Be7 7. N1c3 f5 8. exf5 Bxf5 9. Nd5 Rc8 10. Be3 Nf6 11. Nxe7 Kxe7 12. c5 d5 13. Nd6 Be6 14. Nxc8+ Qxc8 15. f3 d4 16. Bd2 Re8 17.
Bd3 Kf7 18. O-O Kg8 19. Qc2 Kh8 20. b4 Qd8 21. Rae1 Bf7 22. b5 Nb8 23. Bg5 Qd5 24. Bxf6 gxf6 25. Be4 Qc4 26. Qxc4 Bxc4 27. Rf2 Bxb5 28.
Bxb7 Nc6 29. Bxc6 Bxc6 30. Rb2 d3 31. Kf2 f5 32. Ke3 e4 33. fxe4 fxe4 34. Rf1 Kg7 35. Rf4 Re5 36. Rbf2 Rxc5 37. Rg4+ Kh6 38. Rf6+ Kh5 39.
Rg7 Rd5 40. g4+ Kh4 41. Rxh7+ Kg5 42. Rf1 d2 43. Rd1 Rd3+ 44. Ke2 Bb5 45. Rxd2 Rh3+ 46. Ke1 Rxh7 47. Rd5+ Kxg4 48. Rxb5 Kf3 49. Rf5+ 1-0

[Event "*** Titled Tuesday Blitz"]
[Site "Chess.com"]
[Date "2020.11.24"]
[Round "4"]
[White "vovachesss"]
[Black "Beca95"]
[Result "0-1"]
[WhiteElo "2664"]
[BlackElo "2924"]
[TimeControl "180+1"]
[EndTime "10:55:44 PST"]
[Termination "Beca95 won on time"]

1. e4 e5 2. Nf3 Nf6 3. Nc3 Bb4 4. Nxe5 O-O 5. Nd3 Bxc3 6. dxc3 Nxe4 7. Be2 d6 8. O-O Nd7 9. Be3 b6 10. f3 Nef6 11. Re1 Bb7 12. Qd2 h6 13. Bf1 a5 14.
a4 Re8 15. b3 Nf8 16. Nf4 Ne6 17. Bb5 Re7 18. Nxe6 Rxe6 19. Bd4 Qe7 20. Bc4 d5 21. Bd3 c5 22. Bf2 Re8 23. Bf5 Rxe1+ 24. Rxe1 Qd8 25. Rxe8+ Qxe8 26. h4 Qe5 27. Bd3 Bc8 28. g4 h5 29. g5 Ne8 30. Qe3 Qxe3 31. Bxe3 g6 32. b4 axb4 33. cxb4 d4 34. Bf4 cxb4 35. Bb5 Ng7 36. Bc7 Bf5 37. Bxb6 Ne6 38. a5 d3 39.
a6 dxc2 40. Be3 b3 41. a7 b2 42. a8=Q+ Kh7 43. Qa7 c1=Q+ 44. Kh2 Qc7+ 45. Qxc7 Nxc7 0-1

[Event "*** Titled Tuesday Blitz"]
[Site "Chess.com"]
[Date "2020.11.24"]
[Round "4"]
[White "BegmuratovKh2010"]
[Black "tylityli"]
[Result "1-0"]
[WhiteElo "2506"]
[BlackElo "2332"]
[TimeControl "180+1"]
[EndTime "10:55:44 PST"]
[Termination "BegmuratovKh2010 won on time"]

1. d4 Nf6 2. c4 e6 3. Nf3 Bb4+ 4.
Bd2 c5 5. Bxb4 cxb4 6. Nbd2 O-O 7. e4 d6 8. Bd3 Nc6 9. O-O e5 10. d5 Ne7 11. c5 Ng6 12. cxd6 Qxd6 13. Nc4 Qe7 14.
Qb3 Bg4 15. Nfd2 Nf4 16. f3 Bd7 17. Kh1 N6h5 18. g3 Nh3 19. Ne3 Qg5 20. Be2 a5 21.
a4 Qh6 22. Kg2 N3f4+ 23. gxf4 Nxf4+ 24. Kh1 Nxe2 25. Rf2 Nd4 26. Qd3 Ra6 27. Rg1 Rc8 28. f4 exf4 29. Ng4 Bxg4 30. Rxg4 Rc1+ 31. Nf1 Qh5 32.
Rgxf4 Rh6 33. d6 Rxf1+ 34. Qxf1 Rxd6 35. Rxf7 h6 36. Rf8+ Kh7 37. Rg2 1-0

[Event "*** Titled Tuesday Blitz"]
[Site "Chess.com"]
[Date "2020.11.24"]
[Round "4"]
[White "Forantes"]
[Black "ajedrezhoy"]
[Result "1-0"]
[WhiteElo "2366"]
[BlackElo "2219"]
[TimeControl "180+1"]
[EndTime "10:55:44 PST"]
[Termination "Forantes won on time"]

1. Nf3 d5 2. g3 Nc6 3. d4 Bf5 4.
Bg2 Nb4 5. Na3 c6 6. c3 Na6 7.
O-O e6 8. Bf4 h6 9. Rc1 Nf6 10.
Re1 Be7 11. c4 Bb4 12. Bd2 Bxa3 13. bxa3 dxc4 14. Bc3 O-O 15. Nd2 b5 16. Bxc6 Rb8 17.
e4 Bg4 18. f3 Qb6 19. e5 Qxc6 20. exf6 Bf5 21. fxg7 Rfd8 22. Ne4 Bxe4 23. fxe4 e5 24.
d5 Qb6+ 25. Kg2 Nc5 26. Qh5 Nd3 27. Rf1 Qg6 28. Qxg6 fxg6 29. Rcd1 Kxg7 30. Rxd3 cxd3 31. Bxe5+ Kg8 32. Bxb8 Rxb8 33. Rd1 Rc8 34. Rxd3 Rc2+ 35. Kf3 Kf8 36. d6 Ke8 37. e5 Rc1 38. e6 Re1 39. d7+ Kd8 40. Re3 Rf1+ 41. Kg2 1-0

[Event "*** Titled Tuesday Blitz"]
[Site "Chess.com"]
[Date "2020.11.24"]
[Round "4"]
[White "sergeikim"]
[Black "HrvojeZagreb"]
[Result "1/2-1/2"]
[WhiteElo "2537"]
[BlackElo "2269"]
[TimeControl "180+1"]
[EndTime "10:55:45 PST"]
[Termination "Game drawn by repetition"]

1. d4 e6 2. c4 f5 3. g3 Nf6 4. Bg2 Be7 5. Nh3 O-O 6. O-O d6 7. Nf4 c6 8. Nc3 e5 9. dxe5 dxe5 10. Nd3 Qc7 11. e4 fxe4 12. Nxe4 Nxe4 13. Bxe4 Bf5 14.
Qe2 Na6 15. Bd2 Nc5 16. Nxc5 Bxc5 17. Bc3 Bd4 18. Rac1 Qf7 19. Bxf5 Qxf5 20. Bxd4 exd4 21. c5 Rad8 22. Qc4+ Kh8 23. Rcd1 d3 24. Rd2 Rd5 25. b4 a5 26. a3 axb4 27. axb4 Rfd8 28. Re1 h6 29.
Kg2 Rd4 30. Re8+ Rxe8 31. Qxd4 Re2 32. Rxd3 Rxf2+ 33. Qxf2 Qxd3 34. Qf4 Qd5+ 35. Kf2 Qa2+ 36. Kg1 Qb1+ 37. Kg2 Qc2+ 38. Kh3 Qg6 39. g4 Qd3+ 40.
Kg2 Qe2+ 41. Kg3 Qd3+ 42. Qf3 Qc4 43. Qf8+ Kh7 44. Qf5+ Kh8 45. Qc8+ Kh7 46. Qxb7 Qd3+ 47. Kf4 Qd4+ 48. Kf3 Qd3+ 49. Kf2 Qd4+ 50. Kf3 Qd3+ 51.
Kf4 Qd4+ 52. Kf3 1/2-1/2

[Event "*** Titled Tuesday Blitz"]
[Site "Chess.com"]
[Date "2020.11.24"]
[Round "4"]
[White "Satscho"]
[Black "esskeettit"]
[Result "1-0"]
[WhiteElo "2321"]
[BlackElo "2477"]
[TimeControl "180+1"]
[EndTime "10:55:47 PST"]
[Termination "Satscho won by checkmate"]

1. e4 c5 2. Nf3 Nc6 3. d4 cxd4 4. Nxd4 g6 5. c4 Nf6 6. Nc2 Bg7 7. Nc3 O-O 8. Be2 d6 9. O-O Be6 10. Be3 Rc8 11. Rc1 a6 12. b3 Nd7 13. Qd2 Qa5 14.
Nd5 Qxd2 15. Bxd2 Nc5 16. f3 f5 17. exf5 Bxf5 18. Nce3 Bd7 19. b4 Ne6 20. b5 Ncd4 21.
Bd3 Rce8 22. bxa6 bxa6 23. Rb1 Nc5 24. Be4 Nxe4 25. fxe4 e6 26. Nc7 Rxf1+ 27. Nxf1 Rc8 28. Nxa6 Rxc4 29. Rb8+ Kf7 30. Rb7 Ke8 31. Nb8 Bb5 32.
Rxg7 Rc2 33. Bg5 Ne2+ 34. Kf2 Nc3+ 35. Kg3 Bxf1 36. Re7+ Kf8 37. Nd7+ Kg8 38. Nf6+ Kf8 39. Nxh7+ Kg8 40. Nf6+ Kf8 41. Nd7+ Kg8 42. Re8+ Kg7 43. Bf6+ Kf7 44. Rf8# 1-0

[Event "*** Titled Tuesday Blitz"]
[Site "Chess.com"]
[Date "2020.11.24"]
[Round "4"]
[White "Agoking701"]
[Black "TST2014"]
[Result "1-0"]
[WhiteElo "2354"]
[BlackElo "2495"]
[TimeControl "180+1"]
[EndTime "10:55:48 PST"]
[Termination "Agoking701 won on time"]

1. e4 c5 2. Nc3 Nc6 3. f4 g6 4.
Nf3 Bg7 5. Bc4 e6 6. O-O Nge7 7. Qe1 O-O 8. d3 d5 9. Bb3 b5 10. Nxb5 Qb6 11. c4 Na5 12. Qh4 f6 13. Bd2 Nxb3 14.
axb3 a6 15. Rfe1 d4 16. Ba5 Qb8 17. Na3 Qxb3 18. Qf2 Qxd3 19. b4 Nc6 20. Nc2 Qxc4 21. Rec1 Qd3 22. Bb6 Qxe4 23. Bxc5 d3 24. Bxf8 Bxf8 25.
Ncd4 Nxd4 26. Qxd4 Qxd4+ 27. Nxd4 Bxb4 28. Nc6 d2 29. Rd1 Bc5+ 30. Kf1 Bb7 31. Na5 Bd5 32. Rxd2 Rb8 33. Rc2 Rb5 34. Nc4 Bd4 35. Rd1 Be4 36.
Re2 Bd5 37. Rxd4 Rb1+ 38. Kf2 Rb4 39. Rc2 h6 40. Ke3 a5 41. Nd2 a4 42. Rxb4 Bxg2 43. Rxa4 h5 44. Rc7 h4 45. Rb4 1-0

[Event "*** Titled Tuesday Blitz"]
[Site "Chess.com"]
[Date "2020.11.24"]
[Round "4"]
[White "Tayson_7"]
[Black "Susal_De_Silva"]
[Result "1-0"]
[WhiteElo "2693"]
[BlackElo "2531"]
[TimeControl "180+1"]
[EndTime "10:55:49 PST"]
[Termination "Tayson_7 won by resignation"]

1. e4 e5 2. Nf3 Nc6 3. Bb5 a6 4. Ba4 Nf6 5. O-O Be7 6. d3 b5 7. Bb3 d6 8. a3 O-O 9. Nc3 Be6 10.
Nd5 Bxd5 11. Bxd5 Nxd5 12. exd5 Nb8 13. Re1 f5 14. b4 Nd7 15. Bb2 Qe8 16. c4 bxc4 17.
dxc4 Qg6 18. Nd4 f4 19. Qb1 Qh5 20. Qd1 Qh4 21. Ne6 Rf6 22. Qf3 Rc8 23. h3 g5 24.
Qg4 Qxg4 25. hxg4 Rh6 26. Rac1 Nf8 27. Nxf8 Kxf8 28. c5 Re8 29. f3 Rh4 30. Kf2 h5 31. gxh5 Rxh5 32. cxd6 Bxd6 33. Rh1 Rxh1 34. Rxh1 e4 35.
Rh8+ Kf7 36. Rxe8 Kxe8 37. fxe4 g4 38. e5 Bf8 39. Bc1 f3 40. gxf3 gxf3 41. Kxf3 c6 42.
Ke4 cxd5+ 43. Kxd5 Kd7 44. e6+ Ke8 45. Bf4 Bg7 46.
Bd6 Bb2 47. a4 Bc3 48. b5 axb5 49. axb5 Ba5 50. Kc6 Kd8 51. b6 Kc8 52. b7+ 1-0

[Event "*** Titled Tuesday Blitz"]
[Site "Chess.com"]
[Date "2020.11.24"]
[Round "4"]
[White "Rud_Makarian"]
[Black "ShahMatKanal"]
[Result "1-0"]
[WhiteElo "2745"]
[BlackElo "2506"]
[TimeControl "180+1"]
[EndTime "10:55:49 PST"]
[Termination "Rud_Makarian won on time"]

1. d4 d5 2. c4 c6 3. Nf3 Nf6 4. Nc3 a6 5. e3 b5 6. c5 Bg4 7.
h3 Bxf3 8. Qxf3 Nbd7 9. Qg3 Qb8 10. Qxb8+ Rxb8 11. f4 Ne4 12. Nxe4 dxe4 13. g4 e6 14. Bd2 f5 15. Ba5 Nf6 16. Rg1 Nd5 17.
Kd2 g6 18. Be2 Be7 19. Rg2 Kd7 20. Rh1 Bd8 21. Bxd8 Rbxd8 22. h4 fxg4 23. Rxg4 Ke7 24. Rg5 Kf7 25. h5 Nf6 26. Rhg1 Rhg8 27. hxg6+ Rxg6 28.
Rxg6 hxg6 29. Rh1 Kg7 30. Bd1 a5 31. Bb3 Nd5 32. Bd1 Nb4 33. Bg4 Re8 34. a3 Nd5 35.
Rh4 Nf6 36. Bh3 Nd5 37. Bg2 Nf6 38. Ke2 Rh8 39. Rxh8 Kxh8 40. Bh3 Kg7 41. Bxe6 Kf8 42. Kf2 Ke7 43. Bh3 a4 44. Bf1 Nd5 45. Be2 Nf6 46.
Bd1 Nd5 47. Bc2 Nf6 48. b3 axb3 49. Bxb3 Ke8 50. a4 bxa4 51. Bxa4 Kd7 52. Bb3 Ke7 53. Kg3 Nh5+ 54. Kg4 Nf6+ 55. Kg5 Nd7 56. Kxg6 1-0

[Event "*** Titled Tuesday Blitz"]
[Site "Chess.com"]
[Date "2020.11.24"]
[Round "4"]
[White "1nikolachess"]
[Black "Brave_spirit12"]
[Result "0-1"]
[WhiteElo "2305"]
[BlackElo "2493"]
[TimeControl "180+1"]
[EndTime "10:55:49 PST"]
[Termination "Brave_spirit12 won by checkmate"]

1. e4 e6 2. d4 d5 3. e5 c5 4. c3 Nc6 5. Nf3 Qb6 6. Be2 f6 7.
O-O g6 8. Re1 fxe5 9. dxe5 Bg7 10. Bf1 Nh6 11. Bxh6 Bxh6 12. Qc2 O-O 13. Nbd2 c4 14.
Rad1 Bg7 15. Re2 a5 16. Rde1 a4 17. g3 a3 18. b3 cxb3 19. Nxb3 Bd7 20. Bg2 Rfc8 21. Rb1 Qc7 22. Rbe1 Ra4 23. Nc5 Rc4 24. Nxd7 Qxd7 25. Qb3 Qe7 26. Bh3 Nd8 27. Nd4 Rxc3 28. Qb6 Kf7 29. Nb5 R8c6 30. Qa5 Rc1 31. Nd6+ Kg8 32. Qxa3 Rxe1+ 33. Rxe1 Bxe5 34. Rxe5 Qxd6 35. Qe3 d4 36. Qe2 d3 37. Qe3 d2 38. Bg4 d1=Q+ 39. Bxd1 Qxd1+ 40. Kg2 Qd7 41. a4 Nf7 42. Rb5 Rd6 43.
Qb3 Qc6+ 44. Kh3 Rd5 45. Rxb7 Rh5+ 46. Kg4 Qe4+ 47. f4 Ne5# 0-1

[Event "*** Titled Tuesday Blitz"]
[Site "Chess.com"]
[Date "2020.11.24"]
[Round "4"]
[White "Nemsko"]
[Black "picturesquecheck"]
[Result "1-0"]
[WhiteElo "2358"]
[BlackElo "2115"]
[TimeControl "180+1"]
[EndTime "10:55:50 PST"]
[Termination "Nemsko won on time"]

1. e4 c5 2. Nf3 Nc6 3. d4 cxd4 4. Nxd4 Nf6 5. Nc3 d6 6. Bg5 e6 7. Qd2 a6 8. O-O-O h6 9. Bh4 Nxe4 10. Nxe4 Qxh4 11. f3 d5 12. Nxc6 bxc6 13. Nf2 Qd8 14. Kb1 Be7 15. Bd3 O-O 16. f4 Rb8 17. g4 Qb6 18. c3 Ba3 19. b3 Bc5 20. Rhf1 a5 21.
g5 a4 22. Bc2 Be3 23. Qd3 g6 24. Ng4 Bc5 25. Ne5 axb3 26. axb3 Ba6 27. Qh3 h5 28. Nd7 Qa5 29. Nf6+ Kg7 30. Nxh5+ gxh5 31. Qxh5 Rxb3+ 32. Bxb3 Qxc3 33. Rf3 Qb4 34. Rh3 Bd3+ 35. Rdxd3 Qe1+ 36. Rd1 Qe4+ 37. Kb2 Bd4+ 38. Rxd4 Qxd4+ 39. Kc2 Qe4+ 40. Kd2 Qd4+ 41. Ke1 Qa1+ 42. Bd1 Qa5+ 43. Kf1 Qb5+ 44. Kg1 Qc5+ 45. Kh1 1-0

[Event "*** Titled Tuesday Blitz"]
[Site "Chess.com"]
[Date "2020.11.24"]
[Round "4"]
[White "Son_of_Sultan"]
[Black "azikom"]
[Result "0-1"]
[WhiteElo "2684"]
[BlackElo "2597"]
[TimeControl "180+1"]
[EndTime "10:55:51 PST"]
[Termination "azikom won on time"]

1. d4 d5 2. Nf3 c6 3. g3 Nf6 4.
Bg2 Bf5 5. c4 e6 6. Nc3 Nbd7 7.
Qb3 Qb6 8. c5 Qc7 9. Bf4 Qc8 10.
Nd2 Be7 11. e4 dxe4 12. Ncxe4 Nxe4 13. Bxe4 Bh3 14. g4 Bxg4 15. Rg1 Bh5 16. Rxg7 Bg6 17. Qh3 Nf8 18. Bxg6 Nxg6 19. Bd6 Bxd6 20. cxd6 Qd7 21. Ne4 O-O-O 22. O-O-O Kb8 23. Rxh7 Rxh7 24. Qxh7 Nf4 25. Qh4 Nd5 26. Qg3 f5 27. Nc5 Qxd6 28. Nxe6 Qxg3 29. fxg3 Re8 30. Nc5 Re2 31. Rd2 Re1+ 32. Kc2 b6 33. Nd7+ Kc7 34. Ne5 Kd6 35. Nd3 Rh1 36. a3 Ne3+ 37.
Kb3 Ng4 38. h4 Ne3 39. Re2 Nd5 40. Rf2 Rh3 0-1

[Event "*** Titled Tuesday Blitz"]
[Site "Chess.com"]
[Date "2020.11.24"]
[Round "4"]
[White "Sinquefield"]
[Black "FMJoseHerrera"]
[Result "1-0"]
[WhiteElo "2413"]
[BlackElo "2575"]
[TimeControl "180+1"]
[EndTime "10:55:51 PST"]
[Termination "Sinquefield won by checkmate"]

1. e4 c5 2. Nf3 e6 3. d4 cxd4 4.
Nxd4 a6 5. Nc3 Qc7 6. g3 b6 7.
Bg2 Bb7 8. O-O d6 9. Re1 Nd7 10. Nd5 exd5 11. exd5+ Ne5 12. f4 O-O-O 13. fxe5 dxe5 14.
Nb3 Nf6 15. Bg5 h5 16. c4 Ng4 17. Rf1 Bc5+ 18. Kh1 f6 19. Bd2 Kb8 20. Nxc5 Qxc5 21. Qe2 b5 22. Rac1 b4 23. a3 Qd4 24. axb4 h4 25. Bc3 Qe3 26. Qxg4 hxg3 27. h3 Bc8 28. Qf3 Qg5 29. d6 Rxd6 30. Kg1 Kc7 31. c5 Re6 32. b5 e4 33. Ba5+ Kb8 34. Qf4+ Qxf4 35. Rxf4 axb5 36. Rxe4 Rxe4 37. Bxe4 Rxh3 38. c6 f5 39. c7+ Ka7 40.
Bg2 Rh6 41. Bb4 Kb6 42. Bf8 Rg6 43. Be7 f4 44. Bb4 Rf6 45. Bc3 Rf7 46. Bd4+ Ka5 47. Bc5 f3 48. Ra1# 1-0